Selects Advanced Infantry Battlegroup
Selects Convert to Ranger Squad
Construct Weapon Support Center
Selects Frontline Medical Station
Frontline Medical Station
Improved M9 Bazooka Rockets
Frontline Medical Station
Selects Ranger Weapon Training
Selects Ammunition Storage
Selects M2A1 105mm Howitzer Emplacement
Frontline Medical Station
Selects 155mm Rapid Artillery Barrage
Frontline Medical Station
Frontline Medical Station